 Dungeon Crawl Stone Soup version 0.31-a0-1499-ge0622b2318 (webtiles) character file.

Game seed: 1429331171070119642

239 jasper the Ruffian (level 5, -1/37 HPs)
             Began as a Demonspawn Fighter on Dec 29, 2023.
             Slain by an orc
             ... wielding a +0 flail
              (6 damage)
             ... on level 4 of the Dungeon.
             The game lasted 00:04:24 (3061 turns).

jasper the Ruffian (Demonspawn Fighter)             Turns: 3061, Time: 00:04:24

Health: -1/37      AC:  7    Str: 18 (19) XL:     5   Next: 79%
Magic:  5/5        EV: 14    Int:  6 (8)  God:
Gold:   181        SH:  4    Dex: 10 (12) Spells: 4/4 levels left

rFire   . .          .
                       - Unarmed
rCold   . . .        b - +0 buckler
rNeg    . . .        a - +0 scale mail
rPois   .            (helmet unavailable)
rElec   .            s - +0 cloak
rCorr   .            (no gloves)
SInv    .            (no boots)
Will    .....        i - amulet of the acrobat Stlth
                     (no ring)
HPRegen 0.26/turn    (no ring)
MPRegen 0.09/turn

%: acrobat
@: mighty, agile, on berserk cooldown, slowed, very slow
A: horns 3, powered by pain 1, frail 1
a: no special abilities


You were on level 4 of the Dungeon.
You visited 1 branch of the dungeon, and saw 4 of its levels.

You collected 181 gold pieces.

Inventory:

Missiles
 d - 37 stones (quivered)
 k - 2 throwing nets
Armour
 a - a +0 scale mail (worn)
 b - a +0 buckler (worn)
 s - a +0 cloak (worn)
Jewellery
 i - an amulet of the acrobat (around neck)
Talismans
 r - a beast talisman
Scrolls
 j - a scroll of brand weapon {unknown}
 o - a scroll of teleportation
 p - a scroll of identify
 q - a scroll of blinking {unknown}
 t - a scroll of noise {unknown}
Potions
 c - 2 potions of might
 e - 2 potions of magic
 m - a potion of cancellation {unknown}
 n - 2 potions of resistance {unknown}


   Skills:
 + Level 4.1 Fighting
 - Level 2.6 Armour
 + Level 3.7 Shields
 * Level 4.1 Unarmed Combat


You had 4 spell levels left.
You didn't know any spells.
Your spell library was empty.

Dungeon Overview and Level Annotations

Branches:
Dungeon (4/15)
 Temple: D:4-7

Altars:
Ru

Shops:
D:1 [


Innate Abilities, Weirdness & Mutations

You have a pair of large horns on your head.
You sometimes gain a little power by taking damage.
You are frail. (-10% HP)


Message History

You take 3 damage, and have 19/63 hp.
You barely miss something. The orc completely misses you.
The orc barely misses you.
You feel a strong urge to attack something.
You are no longer berserk.
You are exhausted.
You feel yourself slow down.
The orc throws a poisoned dart.
The poisoned dart completely misses you.
You now have 13/42 hp.
You feel very mighty all of a sudden. Something hits you but does no damage.
The orc closely misses you.
You bump into the rock wall.
You feel less confused. Something hits you.
* * * LOW HITPOINT WARNING * * *
The orc closely misses you. The orc hits you with a +0 mace.
* * * LOW HITPOINT WARNING * * *
The orc hits you with a +0 club.
* * * LOW HITPOINT WARNING * * *
Something hits you but does no damage.
You take 5 damage, and have 9/42 hp.
You closely miss something. The orc closely misses you.
The orc throws a poisoned dart.
The poisoned dart completely misses you.
Something hits you but does no damage. The orc barely misses you.
The orc hits you with a +0 mace.
* * * LOW HITPOINT WARNING * * *
You take 3 damage, and have 6/42 hp.
It was a potion of mutation.
You feel extremely strange.
You feel frail. The horns on your head grow some more.
Something hits you but does no damage. You block the orc's attack.
The orc barely misses you. x2; Something hits you.
* * * LOW HITPOINT WARNING * * *
You block the orc's attack.
You take 1 damage, and have 5/37 hp.
It was a potion of degeneration.
There was something very wrong with that liquid.
You feel weakened.
You feel dopey.
You feel clumsy. The orc barely misses you. The orc hits you with a +0 flail.
You die...

#.........
#.........#
..........
.........
#......#
#......#
#......#
#######@o....#
......o.o....#
.............#
.........)...#
.............#
...########..###
### ...
#....###'#####
..
#....#.....##.
+....#........


You could see 3 orcs.

Vanquished Creatures
  A bullfrog (D:3)
  7 adders
  5 ribbon worms
  A dart slug (D:1)
  An orc (D:4)
  6 ball pythons
  5 endoplasms
  4 giant cockroaches
  8 goblins
  4 hobgoblins
  5 jackals
  3 quokkas
  6 bats
  3 frilled lizards (D:1)
  6 kobolds
  4 rats
69 creatures vanquished.

Notes
Turn   | Place    | Note
-------+----------+-------------------------------------------
     0 | D:1      | jasper the Demonspawn Fighter began the quest for the Orb.
     0 | D:1      | Reached XP level 1. HP: 18/18 MP: 1/1
   217 | D:1      | Gained mutation: You sometimes gain a little power by
                  | taking damage. [demonic ancestry]
   217 | D:1      | Reached XP level 2. HP: 17/24 MP: 2/2
   399 | D:1      | Found Xennurah's Armour Emporium.
   772 | D:2      | Reached XP level 3. HP: 21/29 MP: 3/3
  1080 | D:2      | Gained mutation: You have a pair of small horns on your
                  | head. [demonic ancestry]
  1080 | D:2      | Reached XP level 4. HP: 14/35 MP: 4/4
  1933 | D:3      | Found a sacrificial altar of Ru.
  2233 | D:3      | Identified the +4 whip "Veuf" {flame, rCorr MP+9}
  2533 | D:3      | Gained mutation: You have a pair of horns on your head.
                  | [demonic ancestry]
  2533 | D:3      | Reached XP level 5. HP: 42/42 MP: 5/5
  3060 | D:4      | Gained mutation: You are frail. (-10% HP) [potion of
                  | mutation]
  3060 | D:4      | Gained mutation: You have a pair of large horns on your
                  | head. [potion of mutation]
  3061 | D:4      | Slain by an orc

Illustrated notes

Levels and vault maps discovered:
D:1:      amcnicky_arrival_abandoned_market, layout_basic, serial_shops, shop
D:2:      layout_basic
D:3:      minmay_razor_zed, layout_basic, amcnicky_altar_gilded
D:4:      kennysheep_the_goblin_king, layout_gridville,
          cheibrodos_ashenzari_chains, mainiacjoe_overflow_big_doors

Skill      XL: |  1  2  3  4  5 |
---------------+----------------+-----
Unarmed Combat | 2 3 4 |  4.1
Shields        | 3 |  3.7
Fighting       | 4 |  4.1
Armour         | |  2.6

Action                     |  1- 3 |  4- 6 || total
---------------------------+-------+-------++-------
  Melee: Unarmed           |   153 |   113 ||   266
         Headbutt          |       |    19 ||    19
  Throw: Stone             |     2 |       ||     2
    Use: Scroll            |     1 |     4 ||     5
         Potion            |       |     5 ||     5
 Armour: Scale mail        |    90 |    73 ||   163
  Dodge: Dodged            |    73 |    74 ||   147
  Block: Buckler           |    35 |    17 ||    52

Table legend: (Time is in decaauts)
 A = Elapsed time spent in this place.
 B = Non-inter-level travel time spent in this place.
 C = Inter-level travel time spent in this place.
 D = Time resting spent in this place.
 E = Time spent auto-exploring this place.
 F = Levels seen in this place.
 G = Mean time per level.
                   A        B        C        D        E       F      G
               +--------+--------+--------+--------+--------+-----+--------+
         Total |   3057 |   2874 |    183 |      3 |   2275 |   4 |  764.2 |
       Dungeon |   3057 |   2874 |    183 |      3 |   2275 |   4 |  764.2 |
               +--------+--------+--------+--------+--------+-----+--------+

Top non-repeatable levels by time:
     D:2: 1228 daAuts
     D:3: 952 daAuts
     D:1: 662 daAuts
     D:4: 214 daAuts
